 Dungeon Crawl Stone Soup version 0.28-b1-70-g80dc712255 (webtiles) character file.

Game seed: 2173540352118124561

160 tizbic2 the Cudgeller (level 5, 0/81 HPs)
             Began as an Ogre Berserker on Feb 3, 2022.
             Was a Believer of Trog.
             Killed by divine providence
             ... invoked by an orc priest
              (13 damage)
             ... on level 3 of the Dungeon.
             The game lasted 00:07:39 (1975 turns).

tizbic2 the Cudgeller (Ogre Berserker)              Turns: 1975, Time: 00:07:39

Health: 0/81       AC:  3    Str: 23    XL:     5   Next: 41%
Magic:  5/5        EV: 10    Int:  8    God:    Trog [**....]
Gold:   64         SH:  0    Dex:  8    Spells: 4/4 levels left

rFire   . . .      SeeInvis .   a - +0 mace
rCold   . . .      Faith    .   (no shield)
rNeg    . . .      Spirit   .   b - +0 animal skin
rPois   .          Reflect  .   (helmet restricted)
rElec   .          Harm     .   (no cloak)
rCorr   .          Rampage  .   (gloves unavailable)
Will    .....                   (boots unavailable)
Stlth   ..........              (no amulet)
HPRegen 0.23/turn               (no ring)
MPRegen 0.09/turn               (no ring)

@: berserking, very quick
A: large, unfitting armour, tough skin 1
a: Renounce Religion, Berserk, Trog's Hand


You were on level 3 of the Dungeon.
You worshipped Trog.
Trog was pleased with you.
You visited 1 branch of the dungeon, and saw 3 of its levels.

You collected 64 gold pieces.

Inventory:

Hand Weapons
 a - a +0 mace (weapon)
 g - a +0 hunting sling
Missiles
 c - 18 stones (quivered)
Armour
 b - a +0 animal skin (worn)
Scrolls
 e - 2 scrolls of vulnerability
 j - a scroll of blinking {unknown}
 k - a scroll of brand weapon
 m - a scroll of summoning {unknown}
Potions
 d - 2 potions of might {unknown}
 f - 2 potions of brilliance {unknown}
 h - 2 potions of curing {unknown}
 i - a potion of mutation {unknown}
 l - a potion of haste {unknown}
 n - a potion of degeneration {unknown}


   Skills:
 - Level 4.2 Fighting
 * Level 5.2 Maces & Flails
 - Level 2.8 Dodging


You had 4 spell levels left.
You didn't know any spells.
Your spell library was empty.

Dungeon Overview and Level Annotations

Branches:
Dungeon (3/15)

Altars:
Makhleb
Nemelex Xobeh


Innate Abilities, Weirdness & Mutations

You are too large for most types of armour.
You have tough skin. (AC +1)


Message History

An orc comes into view. It is wielding a +0 flail.
You hear a shout!
An orc comes into view. It is wielding a +0 hand axe.
The orc shouts!
You hear a shout! x2 2 orc priests come into view.
The hobgoblin hits you.
There is a stone staircase leading up here.
The orc priest invokes the aid of Beogh against you.
Beogh smites you!
You hit the hobgoblin.
You kill the hobgoblin!
Trog accepts your kill.
A ball python comes into view.
The ball python hisses angrily.
The orc misses you.
You hit the orc.
The orc is moderately wounded.
An orc priest comes into view. It is wielding a +0 hand axe.
The orc hits you with a +0 hand axe.
A red film seems to cover your vision as you go berserk!
You feel yourself moving faster!
You feel mighty! The orc completely misses you.
The orc priest calls down the wrath of Beogh upon you.
Beogh smites you! The orc misses you.
You hit the orc.
The orc is almost dead.
The orc hits you with a +0 flail. The orc hits you with a +0 hand axe.
You thump the orc!
You kill the orc!
Trog accepts your kill. The orc hits you with a +0 flail.
You closely miss the orc.
The orc priest invokes the aid of Beogh against you.
Pain shoots through your body!
* * * LOW HITPOINT WARNING * * *
You closely miss the orc priest. The orc hits you with a +0 flail!
* * * LOW HITPOINT WARNING * * *
The orc priest mumbles some strange prayers to Beogh against you.
Beogh smites you!
You die...

####. #.##.#.## #. .#
.#.# #.## .##.#.. #..#
....... ####
###########.##.....#
...###...............#
##.....###########..##
##............####..##
#...#########...@oo..#
#.### #####o..o#
..######## #S.#...#
.........# #..#.#.#
########.## ####.#..#
#..## .. o..
##.†####### # .#
###>......#
##...#######


You could see 3 orc priests, an orc and a ball python.

Vanquished Creatures
  3 iron imps (D:3)
  3 adders
  A dart slug (D:3)
  An orc (D:3)
  An endoplasm (D:1)
  A giant cockroach (D:2)
  3 hobgoblins
  4 jackals (D:2)
  A quokka (D:2)
  3 ball pythons (D:2)
  4 bats
  3 frilled lizards
  8 goblins
  4 kobolds (D:1)
  5 rats
45 creatures vanquished.

Notes
Turn   | Place    | Note
-------+----------+-------------------------------------------
     0 | D:1      | tizbic2 the Ogre Berserker began the quest for the Orb.
     0 | D:1      | Reached XP level 1. HP: 24/24 MP: 1/1
    74 | D:1      | Reached XP level 2. HP: 22/32 MP: 2/2
    80 | D:1      | Reached skill level 3 in Maces & Flails
   866 | D:2      | Reached XP level 3. HP: 39/39 MP: 3/3
  1076 | D:2      | Reached ** piety under Trog
  1253 | D:2      | Found a sparkling altar of Nemelex Xobeh.
  1325 | D:2      | Reached skill level 4 in Maces & Flails
  1709 | D:2      | Reached XP level 4. HP: 48/48 MP: 4/4
  1863 | D:3      | Found a burning altar of Makhleb.
  1884 | D:3      | Reached skill level 5 in Maces & Flails
  1884 | D:3      | Reached XP level 5. HP: 54/54 MP: 5/5
  1975 | D:3      | Killed from afar by an orc priest

Illustrated notes

Levels and vault maps discovered:
D:1:      scummos_arrival_simple_fountains, layout_rooms
D:2:      layout_basic, basic_altar
D:3:      layout_rooms, demons_altar, grunt_decor_junction

Skill      XL: |  1  2  3  4 |
---------------+-------------+-----
Maces & Flails | 3 4 5 |  5.2
Fighting       | |  4.2
Dodging        | |  2.8

Action                   |  1- 3 |  4- 6 || total
-------------------------+-------+-------++-------
Melee: Mace              |   102 |    26 ||   128
       Punch             |     1 |       ||     1
 Fire: Hunting sling     |     1 |       ||     1
Invok: Berserk           |     4 |     2 ||     6
  Use: Scroll            |     2 |     1 ||     3
Armor: Animal skin       |    40 |     2 ||    42
Dodge: Dodged            |    64 |    13 ||    77
